 Dungeon Crawl Stone Soup version 0.15.1-1-gfacfea3 (webtiles) character file.

1052 DrPain the Slicer (level 8, -2/37 HPs)
             Began as a Spriggan Assassin on Sept 20, 2014.
             Slain by Grinder (4 damage)
             ... while paralysed by Grinder
             ... on Level 5 of the Dungeon.
             The game lasted 00:15:53 (7289 turns).

DrPain the Slicer (Spriggan Assassin)               Turns: 7289, Time: 00:15:53

HP  -2/37        AC  8     Str  7      XL: 8   Next:  5%
MP  16/16        EV  4     Int 12      God:
Gold 308         SH  0     Dex 18      Spells:  1 memorised,  6 levels left

rFire  . . .     SeeInvis +     W - +4 flail (protect)
rCold  . . .     Clarity  .     c - +0 robe
rNeg   + . .     rCorr    .     (shield restricted)
rPois  .         rRot     .     (helmet restricted)
rElec  .         Spirit   .     d - +0 cloak
SustAb .         Warding  .     (gloves unavailable)
rMut   .         Stasis   .     (boots unavailable)
Gourm  .                        (no amulet)
MR     +....                    (no ring)
                                j - ring of positive energy

@: paralysed, very quick, somewhat resistant to hostile enchantments, stealthy
A: unfitting armour, see invisible, clumsy 1, herbivore 3, speed 3, screaming 1,
slow metabolism 2, spit poison 1
a: Spit Poison


You were on level 5 of the Dungeon.
You were not hungry.

You visited 2 branches of the dungeon, and saw 6 of its levels.

You collected 308 gold pieces.

Inventory:

Hand weapons
 f - a +0 blowgun
 w - a +3 dagger
 W - a +4 flail of protection (weapon)
Missiles
 b - 2 curare-tipped needles
 e - 26 poisoned needles
 r - 3 needles of confusion
 s - 8 needles of sleeping
Armour
 c - a +0 robe (worn)
 d - a +0 cloak (worn)
Magical devices
 n - a wand of confusion (0)
 o - a wand of digging (11)
Comestibles
 a - 3 bread rations
 h - 5 fruits
Scrolls
 k - 2 scrolls of magic mapping
 l - 6 scrolls of remove curse
 m - 2 scrolls of teleportation
 t - a scroll of identify
Jewellery
 j - a ring of positive energy (left hand)
Potions
 g - 2 potions of porridge
Books
 i - Kikubaaqudgha's Almanac of Evil
   (You found it on level 4 of the Dungeon)

   Spells                             Type                      Level
   Animate Skeleton                   Necromancy                   1
 p - Vehumet's Papyrus of Attacks
   (You found it on level 4 of the Dungeon)

   Spells                             Type                      Level
   *Magic Dart                        Conjuration                  1
 q - Sif Muna's Collected Works on Unholy Magic
   (You found it on level 4 of the Dungeon)

   Spells                             Type                      Level
   Animate Skeleton                   Necromancy                   1


   Skills:
 - Level 1.5 Fighting
 - Level 10.0 Short Blades
 - Level 0.1 Maces & Flails
 - Level 2.1 Throwing
 - Level 3.2 Dodging
 - Level 5.8 Stealth
 + Level 0.9 Conjurations
 - Level 0.4 Evocations


You had 6 spell levels left.
You knew the following spells:

 Your Spells              Type           Power        Failure   Level  Hunger
a - Magic Dart            Conj           #...         28%         1    ##.....


Dungeon Overview and Level Annotations

Branches:
Dungeon (5/15)             Temple (1/1) D:4

Altars:
Cheibriados
Elyvilon
Fedhas
Kikubaaqudgha
Makhleb
Nemelex Xobeh
Qazlal
Sif Muna
Trog
Vehumet
Yredelemnul
The Shining One

Annotations:
D:3 Votemporik's ghost, average DgWn
D:4 Phlounder's ghost, experienced DrWn
D:5 Grinder


Innate Abilities, Weirdness & Mutations

You are tiny and cannot use many weapons and most armour.
You have supernaturally acute eyesight.
You are a herbivore.
You cover ground extremely quickly.
You need consume almost no food.
You are clumsy. (Dex -2)
You occasionally shout uncontrollably at your foes.
You can spit poison.


Message History

Grinder is severely wounded.
The sky beast completely misses you. Grinder misses you.
You barely miss Grinder.
Grinder is severely wounded.
The sky beast hits you. The sky beast shocks you.
* * * LOW HITPOINT WARNING * * *
Grinder misses you. The sky beast hits you.
* * * LOW HITPOINT WARNING * * *
The sky beast shocks you.
* * * LOW HITPOINT WARNING * * *
Grinder completely misses you.
You closely miss Grinder.
Grinder is severely wounded.
The sky beast completely misses you. Grinder gestures at you.
You suddenly lose the ability to move!
The sky beast hits you but does no damage.
Grinder hits you but does no damage. The sky beast barely misses you.
Grinder hits you.
You die...

...######..####.....##
.. ...................##
...................#
...........(.......##
...........#####....# .
........#..## ##...####
..
##..)..#....####$.......
... ##.................#
.). ......##.....@5.##
#. #....# ##.....Y.# ##
.... #........# # ##.
... #.....#..# #.###.. .
.....###..# #......
.##..# ..# ##...... #
#... ... #....... ##..
.... ...###.. . ##.


You could see Grinder and a sky beast (invisible).

Vanquished Creatures
  Prince Ribbit (D:4)
  A phantom (D:4)
  2 ogres (D:4)
  Sigmund (D:2)
  Blork the orc (D:4)
  A gnoll shaman (D:4)
  2 orc wizards
  4 worker ants (D:4)
  Ijyb (D:2)
  An ogre skeleton (D:5)
  6 adders
  5 gnolls (D:4)
  A worker ant zombie (D:5)
  3 worms
  An orc skeleton (D:5)
  An ooze (D:2)
  12 orcs
  5 bats
  8 giant cockroaches
  20 goblins
  13 hobgoblins
  2 jackals (D:1)
  2 quokkas
  A giant gecko (D:5)
  A giant gecko skeleton (D:4)
  3 giant newts
  4 kobolds
  A quokka zombie (D:5)
  6 rats
110 creatures vanquished.

Notes
Turn   | Place    | Note
--------------------------------------------------------------
     0 | D:1      | DrPain, the Spriggan Assassin, began the quest for the Orb.
     0 | D:1      | Reached XP level 1. HP: 10/10 MP: 2/2
   252 | D:1      | Reached XP level 2. HP: 7/14 MP: 4/4
  1371 | D:2      | Reached XP level 3. HP: 15/18 MP: 6/6
  1654 | D:2      | Noticed Ijyb
  1694 | D:2      | Killed Ijyb
  1773 | D:2      | Reached XP level 4. HP: 12/22 MP: 8/8
  1971 | D:2      | Reached skill level 5 in Short Blades
  2129 | D:2      | Noticed Sigmund
  2133 | D:2      | Killed Sigmund
  2133 | D:2      | Reached skill level 6 in Short Blades
  2133 | D:2      | Reached XP level 5. HP: 25/25 MP: 10/10
  3130 | D:3      | Found a white marble altar of Elyvilon.
  3130 | D:3      | Found a blossoming altar of Fedhas.
  3422 | D:3      | Noticed Votemporik's ghost (average DgWn)
  4195 | D:4      | Gained mutation: You are clumsy. (Dex -2) [potion of mutation]
  4195 | D:4      | Gained mutation: You occasionally shout uncontrollably at your foes. [potion of mutation]
  4195 | D:4      | Gained mutation: You can spit poison. [potion of mutation]
  4200 | D:4      | Noticed Blork the orc
  4230 | D:4      | Killed Blork the orc
  4230 | D:4      | Reached skill level 7 in Short Blades
  4230 | D:4      | Reached XP level 6. HP: 2/30 MP: 12/12
  4554 | D:4      | Found a sparkling altar of Nemelex Xobeh.
  5112 | D:4      | Found a staircase to the Ecumenical Temple.
  5115 | D:4      | Noticed Phlounder's ghost (experienced DrWn)
  5167 | Temple   | Entered the Ecumenical Temple
  5408 | D:4      | Noticed an ogre
  5410 | D:4      | Killed an ogre
  5410 | D:4      | Reached skill level 8 in Short Blades
  5443 | D:4      | Noticed Prince Ribbit
  5447 | D:4      | Killed Prince Ribbit
  5447 | D:4      | Reached skill level 9 in Short Blades
  5447 | D:4      | Reached XP level 7. HP: 33/33 MP: 14/14
  5461 | D:4      | Noticed an ogre
  5497 | D:4      | Killed an ogre
  5652 | D:4      | Noticed a phantom
  5677 | D:4      | Killed a phantom
  5923 | D:4      | Reached skill level 10 in Short Blades
  6175 | D:4      | Found a deep blue altar of Sif Muna.
  6462 | D:4      | Found an ancient bone altar of Kikubaaqudgha.
  6465 | D:4      | Found a radiant altar of Vehumet.
  6473 | D:4      | Reached XP level 8. HP: 24/37 MP: 16/16
  6476 | D:4      | Identified Kikubaaqudgha's Almanac of Evil
  6485 | D:4      | Identified Vehumet's Papyrus of Attacks
  6494 | D:4      | Identified Sif Muna's Collected Works on Unholy Magic
  6497 | D:4      | Learned a level 1 spell: Magic Dart
  6635 | D:5      | Entered Level 5 of the Dungeon
  7269 | D:5      | Noticed Grinder
  7287 | D:5      | Paralysed by Grinder for 4 turns
  7289 | D:5      | Slain by Grinder

Action                   |  1- 3 |  4- 6 |  7- 9 || total
-------------------------+-------+-------+-------++-------
Melee: Dagger            |   108 |   188 |   133 ||   429
       Flail             |       |       |    11 ||    11
 Fire: Blowgun           |     5 |    11 |    24 ||    40
 Cast: Magic Dart        |       |       |    13 ||    13
Evoke: Wand              |       |     2 |       ||     2
  Use: Potion            |     1 |     4 |     1 ||     6
       Scroll            |     2 |     4 |       ||     6
 Stab: Sleeping          |     6 |    12 |     3 ||    21
       Distracted        |       |     1 |       ||     1
  Eat: Pizza             |       |     1 |       ||     1
       Bread ration      |       |     1 |       ||     1
